 Dungeon Crawl Stone Soup version 0.29.1-13-g9f3cf754e1 (webtiles) character file.

Game seed: 4811798051519508330

13 Mune the Trooper (level 2, -2/40 HPs)
             Began as a Hill Orc Berserker on Feb 6, 2023.
             Was a Follower of Trog.
             Frozen to death by an endoplasm (4 damage)
             ... on level 1 of the Dungeon.
             The game lasted 00:01:04 (631 turns).

Mune the Trooper (Hill Orc Berserker)                Turns: 631, Time: 00:01:06

Health: -2/40      AC:  3    Str: 19    XL:     2   Next: 37%
Magic:  2/2        EV:  9    Int:  7    God:    Trog [*.....]
Gold:   14         SH:  0    Dex: 10    Spells: 1/1 levels left

rFire   . . .      SeeInvis .   a - +0 mace
rCold   . . .      Faith    .   (no shield)
rNeg    . . .      Spirit   .   b - +0 animal skin
rPois   .          Reflect  .   (no helmet)
rElec   .          Harm     .   c - +0 cloak
rCorr   .          Rampage  .   (no gloves)
Will    .....                   (no boots)
Stlth   ..........              (no amulet)
HPRegen 0.13/turn               (no ring)
MPRegen 0.08/turn               (no ring)

@: berserking, constricted, very quick
A: no striking features
a: Renounce Religion, Berserk


You were on level 1 of the Dungeon.
You worshipped Trog.
Trog was aware of your devotion.
You visited 1 branch of the dungeon, and saw 1 of its levels.

You collected 14 gold pieces.

Inventory:

Hand Weapons
 a - a +0 mace (weapon)
Armour
 b - a +0 animal skin (worn)
 c - a +0 cloak (worn)
Scrolls
 e - a scroll of amnesia {unknown}
Potions
 d - a potion of heal wounds {unknown}


   Skills:
 + Level 4.1 Fighting
 + Level 3.7 Maces & Flails
 + Level 2.2 Armour
 + Level 1.6 Dodging


You had one spell level left.
You didn't know any spells.
Your spell library was empty.

Dungeon Overview and Level Annotations

Branches:
Dungeon (1/15)

Altars:
Beogh


Message History

You kill the ball python!
Trog accepts your kill. The endoplasm freezes you.
You are frozen.
The endoplasm hits you. The endoplasm barely misses you.
You sock the ball python!
You kill the ball python!
Trog accepts your kill. The endoplasm barely misses you.
The endoplasm freezes you.
You are frozen.
Things that are here:
a ball python corpse; a ball python corpse A ball python comes into view.
The ball python hisses angrily.
The endoplasm hits you but does no damage.
The endoplasm freezes you.
You are frozen.
The endoplasm freezes you.
You are frozen.
The ball python bites you but does no damage.
The ball python grabs you. The ball python constricts you.
You hit the endoplasm.
The endoplasm is moderately wounded.
The endoplasm freezes you.
You are frozen.
* * * LOW HITPOINT WARNING * * *
The ball python completely misses you. The ball python constricts you.
* * * LOW HITPOINT WARNING * * *
The endoplasm hits you.
* * * LOW HITPOINT WARNING * * *
You don't know any spells.
A red film seems to cover your vision as you go berserk!
You feel yourself moving faster!
You feel mighty! The ball python bites you.
* * * LOW HITPOINT WARNING * * *
The ball python constricts you. The endoplasm freezes you.
You are frozen.
You die...

....# ..#.# ###...
#... .....
##.###..# #...#
#.##.##... #...#
#.##.##..#
##...###.##.##..##
.........##.##†..#
.........##.##.J@#
..........#.##.#S#
##...###.......#.#
#...# #..######.#
##...###.####.....
..............##.#
###....#.#######.#
.........# ...
.###.#.####


You could see an endoplasm and a ball python.

Vanquished Creatures
  2 dart slugs (D:1)
  2 endoplasms (D:1)
  2 goblins (D:1)
  2 ball pythons (D:1)
  A rat (D:1)
9 creatures vanquished.

Notes
Turn   | Place    | Note
-------+----------+-------------------------------------------
     0 | D:1      | Mune the Hill Orc Berserker began the quest for the Orb.
     0 | D:1      | Reached XP level 1. HP: 19/19 MP: 1/1
   369 | D:1      | Found a roughly hewn altar of Beogh.
   390 | D:1      | Reached XP level 2. HP: 25/27 MP: 2/2
   412 | D:1      | Found a faded altar of an unknown god.
   439 | D:1      | Reached skill level 4 in Fighting
   631 | D:1      | HP: 2/40 [ball python (1)]
   631 | D:1      | Frozen to death by an endoplasm

Illustrated notes

Levels and vault maps discovered:
D:1:      lemuel_arrival_river_passageway, layout_rooms,
          hellmonk_ecumenical_altar_defaced_shrine,
          chequers_serial_rivers_marsh, minmay_misc_feat_cross,
          minmay_small_reverse_x

Skill      XL: |  1  2 |
---------------+-------+-----
Fighting       | 4 |  4.1
Maces & Flails | |  3.7
Armour         | |  2.2
Dodging        | |  1.6

Action                   || total
-------------------------++-------
Melee: Mace              ||    28
Invok: Berserk           ||     1
Armor: Animal skin       ||     2
Dodge: Dodged            ||    20
